 Dungeon Crawl Stone Soup version 0.29-a0-275-g389c0b56f3 (webtiles) character file.

Game seed: 12749490268763956595

21 Luzi the Sneak (level 2, 0/13 HPs)
             Began as a Spriggan Enchanter on Mar 9, 2022.
             Slain by Jessica
             ... wielding a +0 club
              (4 damage)
             ... on level 2 of the Dungeon.
             The game lasted 00:02:38 (1055 turns).

Luzi the Sneak (Spriggan Enchanter)                 Turns: 1055, Time: 00:02:39

Health: 0/13       AC:  2    Str:  4    XL:     2   Next: 65%
Magic:  1/7        EV: 17    Int: 16    God:
Gold:   10         SH:  0    Dex: 15    Spells: 6/8 levels left

rFire   . . .      SeeInvis +   d - +4 dagger
rCold   . . .      Faith    .   (no shield)
rNeg    . . .      Spirit   .   b - +0 robe
rPois   .          Reflect  .   (helmet restricted)
rElec   .          Harm     .   (no cloak)
rCorr   .          Rampage  .   (gloves unavailable)
Will    .....                   (boots unavailable)
Stlth   +++.......              (no amulet)
HPRegen 0.04/turn               (no ring)
MPRegen 0.10/turn               (no ring)

@: very quick
A: very small, no large weapons, unfitting armour, see invisible, speed 3
a: no special abilities


You were on level 2 of the Dungeon.
You visited 1 branch of the dungeon, and saw 2 of its levels.

You collected 10 gold pieces.

Inventory:

Hand Weapons
 a - a +1 dagger
 d - a +4 dagger (weapon)
Armour
 b - a +0 robe (worn)
Potions
 c - 2 potions of invisibility
 e - a potion of might {unknown}
 f - 2 potions of flight
 g - 3 potions of curing {unknown}
 h - a potion of magic {unknown}


   Skills:
 - Level 1.1 Short Blades
 - Level 2.6 Dodging
 - Level 4.4 Stealth
 + Level 3.5 Spellcasting
 + Level 4.3 Hexes


You had 6 spell levels left.
You knew the following spells:

 Your Spells              Type           Power      Damage    Failure   Level
a - Ensorcelled Hibernat  Hex/Ice        18%        N/A       11%         2

Your spell library contained the following spells:

 Spells                   Type           Power      Damage    Failure   Level
 Confusing Touch          Hex            16%        N/A       9%          3
 Tukima's Dance           Hex            16%        N/A       9%          3
 Dazzling Flash           Conj/Hex       18%        N/A       22%         3
 Passage of Golubria      Tloc           2%         N/A       87%         4
 Yara's Violent Unravell  Hex/Tmut       4%         3d4       90%         5


Dungeon Overview and Level Annotations

Branches:
Dungeon (2/15)

Altars:

Shops:
D:1 ((**[

Annotations:
D:2 Jessica


Innate Abilities, Weirdness & Mutations

You are very small and have problems with some larger weapons.
You are too small for most types of armour.
You have supernaturally acute eyesight. (SInv)
You cover ground extremely quickly. (Speed+++)


Message History

Confirm with . or Enter, or press ? or * to list all spells.
Okay, then.
Unknown command.
Casting: Ensorcelled Hibernation (safe; 11% risk of failure)
Confirm with . or Enter, or press ? or * to list all spells.
Aiming: Ensorcelled Hibernation (safe; 11% risk of failure)
Press: ? - help, Shift-Dir - straight line, f - Jessica
Aim: Jessica, wielding a +0 club and wearing a +0 robe (chance to affect: 51%) Jessica resists with some effort.
A goblin comes into view. It is wielding a +0 dagger.
Jessica casts a spell.
Jessica seems to speed up.
Unknown command.
Casting: Ensorcelled Hibernation (safe; 11% risk of failure)
Confirm with . or Enter, or press ? or * to list all spells.
Aiming: Ensorcelled Hibernation (safe; 11% risk of failure)
Press: ? - help, Shift-Dir - straight line, f/p - Jessica
Aim: Jessica, wielding a +0 club and wearing a +0 robe (fast, chance to affect: 51%) Jessica resists with some effort.
Jessica hits you with a +0 club. The hobgoblin closely misses you.
Jessica casts a spell at you. Pain shoots through your body!
Casting: Ensorcelled Hibernation (safe; 11% risk of failure)
Confirm with . or Enter, or press ? or * to list all spells.
Aiming: Ensorcelled Hibernation (safe; 11% risk of failure)
Press: ? - help, Shift-Dir - straight line, f/p - Jessica
Aim: Jessica, wielding a +0 club and wearing a +0 robe (fast, chance to affect: 51%) Jessica resists with some effort.
The hobgoblin closely misses you. Jessica misses you.
Unknown command.
Casting: Ensorcelled Hibernation (safe; 11% risk of failure)
Confirm with . or Enter, or press ? or * to list all spells.
You don't have enough magic to cast this spell.
Unknown command.
Unknown command.
The hobgoblin hits you. Jessica attacks as you move away!
Jessica closely misses you. The hobgoblin attacks as you move away!
The hobgoblin closely misses you. Jessica attacks as you move away!
Jessica hits you with a +0 club.
You die...

#.......#.# .#####
+.......#.# ###.....##
####.......#.###.........
........................>
#.........##.##..#......
+.....................#
#..g.....#.#..........#
##........#.###........#
........@@......<......#
##......g.##.###......##.
...............†.........
##........###.#######....
#........###..# .##.#
########......# # #...
#......# #.#... #......##
..... #.......########..


You could see Jessica (fast), a hobgoblin and a goblin.

Vanquished Creatures
  A dart slug (D:1)
  2 endoplasms (D:1)
  A giant cockroach (D:1)
  2 goblins (D:1)
  2 hobgoblins (D:1)
  3 quokkas (D:1)
  2 ball pythons (D:1)
  A bat (D:1)
  A kobold (D:1)
  3 rats
18 creatures vanquished.

Notes
Turn   | Place    | Note
-------+----------+-------------------------------------------
     0 | D:1      | Luzi the Spriggan Enchanter began the quest for the Orb.
     0 | D:1      | Reached XP level 1. HP: 9/9 MP: 5/5
     7 | D:1      | Found Saxut's Armour Emporium.
   327 | D:1      | Reached XP level 2. HP: 13/13 MP: 7/7
   332 | D:1      | Learned a level 2 spell: Ensorcelled Hibernation
   502 | D:1      | Found Xoah's Assorted Antiques.
   511 | D:1      | Found Moejeunocs's General Store.
   557 | D:1      | Found Kixuc's Weapon Boutique.
   791 | D:1      | Found Fitsuzo's Weapon Emporium.
  1028 | D:2      | Noticed Jessica
  1055 | D:2      | Slain by Jessica

Illustrated notes

Levels and vault maps discovered:
D:1:      ebering_hopf_link, layout_loops_ring, serial_shops,
          nicolae_shop_bloodbath_and_beyond, shop, shop, shop, shop
D:2:      minmay_inner_zag, layout_basic, serial_bayou_lagoon_a,
          minmay_mini_jars, uniq_terence, uniq_jessica

Skill      XL: |  1 |
---------------+----+-----
Spellcasting   | 3 |  3.5
Hexes          | 4 |  4.3
Short Blades   | |  1.1
Dodging        | |  2.6
Stealth        | |  4.4

Action                   || total
-------------------------++-------
Melee: Dagger            ||    40
 Cast: Ensorcelled Hiber ||     3
  Use: Scroll            ||     1
 Stab: Sleeping          ||     5
Armor: Robe              ||     2
Dodge: Dodged            ||    27

Table legend: (Time is in decaauts)
 A = Elapsed time spent in this place.
 B = Non-inter-level travel time spent in this place.
 C = Inter-level travel time spent in this place.
 D = Time resting spent in this place.
 E = Time spent auto-exploring this place.
 F = Levels seen in this place.
 G = Mean time per level.
                   A        B        C        D        E       F      G
               +--------+--------+--------+--------+--------+-----+--------+
         Total |    792 |    781 |     11 |      0 |    668 |   2 |  396.0 |
       Dungeon |    792 |    781 |     11 |      0 |    668 |   2 |  396.0 |
               +--------+--------+--------+--------+--------+-----+--------+

Top non-repeatable levels by time:
     D:1: 725 daAuts
     D:2: 66 daAuts
